 Dungeon Crawl Stone Soup version 0.28.0-53-g5a82cb258f (webtiles) character file.

Game seed: 14365407547192357868

15050 soggyman666 the Cleaver (level 11, -9/97 HPs)
             Began as a Minotaur Fighter on May 23, 2022.
             Was an Initiate of Yredelemnul.
             Mangled by a large slime creature (24 damage)
             ... on level 12 of the Dungeon.
             The game lasted 00:45:41 (12919 turns).

soggyman666 the Cleaver (Minotaur Fighter)         Turns: 12919, Time: 00:45:42

Health: -9/97      AC: 17    Str: 24    XL:     11   Next: 96%
Magic:  11/11      EV: 12    Int: 10    God:    Yredelemnul [......]
Gold:   726        SH:  5    Dex: 11    Spells: 10/10 levels left

rFire   . . .      SeeInvis .   i - +2 hand axe (venom)
rCold   . . .      Faith    .   c - +0 buckler
rNeg    . . .      Spirit   .   p - +2 ring mail {rPois}
rPois   +          Reflect  .   (helmet restricted)
rElec   .          Harm     .   M - +2 cloak of Focus {Int+5}
rCorr   .          Rampage  .   (no gloves)
Will    .....                   j - +0 pair of boots
Stlth   ++........              q - amulet of the acrobat
HPRegen 0.26/turn               e - +4 ring of protection
MPRegen 0.12/turn               G - +4 ring of slaying

@: no status effects
A: horns 2, retaliatory headbutt
a: Renounce Religion, Recall Undead Harvest


You were on level 12 of the Dungeon.
You worshipped Yredelemnul.
Yredelemnul was noncommittal.
You visited 2 branches of the dungeon, and saw 13 of its levels.

You collected 726 gold pieces.

Inventory:

Hand Weapons
 i - a +2 hand axe of venom (weapon)
 o - a +0 mace of protection
 u - a +0 vorpal war axe
 D - a +4 flail of freezing
 P - a +2 vorpal trident
Missiles
 t - a throwing net (quivered)
Armour
 a - a +0 plate armour
 c - a +0 buckler (worn)
 j - a +0 pair of boots (worn)
 p - a +2 ring mail of poison resistance (worn)
 s - a +0 cloak of willpower
 M - the +2 cloak of Focus (worn) {Int+5}
   (You found it on level 11 of the Dungeon)

   Int:       It affects your intelligence (+5).
Jewellery
 e - a +4 ring of protection (left hand)
 q - an amulet of the acrobat (around neck)
 z - a ring of positive energy
 G - a +4 ring of slaying (right hand)
Wands
 b - a wand of iceblast (9)
 l - a wand of digging (4)
 m - a wand of flame (9)
 C - a wand of polymorph (11)
Scrolls
 k - 6 scrolls of enchant weapon
 r - 3 scrolls of teleportation
 y - 2 scrolls of magic mapping
 B - 3 scrolls of blinking
 I - a scroll of enchant armour
 J - 3 scrolls of identify
 L - a scroll of amnesia {unknown}
 O - a scroll of torment {unknown}
Potions
 f - 2 potions of resistance
 g - 8 potions of heal wounds
 h - 2 potions of haste {unknown}
 n - 3 potions of brilliance
 v - 2 potions of lignification {unknown}
 w - a potion of ambrosia {unknown}
 x - 3 potions of attraction {unknown}
 A - 2 potions of flight {unknown}
 E - 2 potions of might
 F - 2 potions of magic {unknown}
 N - 2 potions of mutation {unknown}
Miscellaneous
 H - a box of beasts (inert)
 K - a box of beasts (inert)


   Skills:
 + Level 9.1 Fighting
 + Level 12.4(12.9) Axes
 + Level 5.5(9.8) Maces & Flails
 + Level 9.4 Armour
 + Level 5.5 Dodging
 + Level 3.4 Stealth
 + Level 8.0 Shields
 + Level 1.7 Invocations
 * Level 7.9 Evocations


You had 10 spell levels left.
You didn't know any spells.
Your spell library contained the following spells:

 Spells                   Type           Power      Damage    Failure   Level
 Magic Dart               Conj           0%         1d3       56%         1
 Blink                    Tloc           0%         N/A       71%         2
 Call Imp                 Summ           0%         N/A       71%         2
 Searing Ray              Conj           0%         2d4       71%         2
 Static Discharge         Conj/Air       0%         N/A       71%         2
 Lesser Beckoning         Tloc           0%         N/A       90%         3
 Mephitic Cloud           Conj/Pois/Air  0%         N/A       90%         3
 Dispel Undead            Necr           0%         3d6       100%        4
 Fulminant Prism          Conj/Hex       0%         3d6       100%        4
 Passage of Golubria      Tloc           0%         N/A       100%        4
 Sticky Flame             Conj/Fire      0%         2d3       100%        4
 Manifold Assault         Tloc           0%         N/A       100%        5
 Silence                  Hex/Air        0%         N/A       100%        5
 Lehudib's Crystal Spear  Conj/Erth      0%         10d2      100%        8


Dungeon Overview and Level Annotations

Branches:
Dungeon (12/15)            Temple (0/1) D:7            Lair (1/6) D:11
    Orc: D:9-12

Altars:
Nemelex Xobeh
Okawaru
Qazlal
Vehumet
Xom
Yredelemnul


Innate Abilities, Weirdness & Mutations

You have a pair of horns on your head.
You reflexively headbutt those who attack you in melee.


Message History

A very large slime creature splits.
There is a stone staircase leading up here.
You slash the slime creature!
The slime creature is lightly wounded.
You hit the large slime creature. You slash the orc!
You kill the orc!
You hit the slime creature.
The slime creature is moderately wounded.
You hit the large slime creature.
The large slime creature is poisoned.
The large slime creature hits you!!
The slime creature hits you but does no damage.
You barely miss the slime creature. You headbutt the slime creature!
The slime creature is moderately wounded.
You hit the large slime creature.
The large slime creature looks as sick as possible!
The large slime creature hits you!!
You hit the large slime creature.
The large slime creature is lightly wounded.
You hit the slime creature.
The slime creature completely misses you.
You hit the large slime creature.
The large slime creature is lightly wounded.
You hit the slime creature. The large slime creature hits you!!
* * * LOW HITPOINT WARNING * * *
The slime creature barely misses you.
You hit the large slime creature.
The large slime creature is lightly wounded.
You slash the slime creature! The large slime creature hits you.
* * * LOW HITPOINT WARNING * * *
The slime creature hits you!
* * * LOW HITPOINT WARNING * * *
You barely miss the large slime creature.
Your headbutt misses the large slime creature.
The large slime creature is moderately wounded.
You hit the slime creature.
You hit the large slime creature but do no damage.
The large slime creature is moderately wounded.
You slash the slime creature! The large slime creature hits you!!
You die...
Your body rises from the dead as a mindless zombie.

#J ####....###
.. #.#..[.# J.
#.#.#.##.###
#......#...#
###.#....#.# #
...#....#.##.#
##..#..J......#.
.#..####J#......
.......@J.....#
########)####.#
.... .#.#.#
#.#.#.# # #.# #
#.# #.#


You could see a large slime creature (very poisoned) and a slime creature.

Vanquished Creatures
  3 two-headed ogres (D:11)
  Erica (Lair:1)
  Nergalle (D:10)
  An orc knight (D:12)
  Joseph (D:10)
  A black mamba (Lair:1)
  2 cane toads (Lair:1)
  A rime drake (Lair:1)
  A troll (D:11)
  A polar bear (Lair:1)
  4 slime creatures
  A wraith (D:11)
  13 yaks
  A steam dragon (D:7)
  Eustachio (D:5)
  A basilisk (Lair:1)
  2 vampire mosquitoes (D:11)
  Menkaure (D:7)
  2 water moccasins
  Duvessa (D:6)
  An orc warrior (D:9)
  3 ice beasts
  A hornet zombie (D:9)
  A necrophage (D:8)
  An ogre (D:5)
  5 centaurs
  2 phantoms
  2 kobold brigands
  2 bullfrogs
  A gnoll sergeant (D:9)
  2 scorpions (D:6)
  Dowan (D:6)
  4 killer bees (D:9)
  5 wights (D:6)
  2 howler monkeys
  3 centaur zombies
  2 bullfrog zombies
  3 hounds
  4 bullfrog skeletons
  A jelly (D:4)
  3 orc priests
  Crazy Yiuf (D:4)
  A centaur skeleton (D:9)
  Ijyb (D:3)
  4 orc wizards
  A centaur simulacrum (D:9)
  2 human simulacra (D:9)
  2 howler monkey zombies
  4 gnolls (D:9)
  A howler monkey skeleton (D:9)
  A river rat (D:6)
  4 adders
  A shadow imp (D:8)
  A white imp (D:7)
  2 adder skeletons (D:4)
  3 worms
  A dart slug (D:1)
  35 orcs
  5 endoplasms
  3 giant cockroaches
  5 goblins
  7 hobgoblins
  2 quokkas
  6 ball pythons
  5 bats
  9 frilled lizards
  9 kobolds
  4 rats
209 creatures vanquished.

Vanquished Creatures (collateral kills)
  A hydra (Lair:1)
  A two-headed ogre (D:11)
  A black mamba (Lair:1)
  A rime drake (Lair:1)
  2 vampires
  A yak (D:10)
  A water moccasin (Lair:1)
  An orc warrior (D:9)
  An orc wizard (D:9)
  2 kobolds (D:9)
12 creatures vanquished.

Vanquished Creatures (others)
  A vampire mosquito zombie (D:11)
  A water moccasin zombie (D:7)
  A troll zombie (D:11)
  A yak zombie (D:10)
  A human zombie (D:10)
  2 orc wizards (D:7)
  A gnoll (D:9)
  A spectral shadow imp (D:8)
  2 gnoll zombies (D:9)
  A kobold zombie (D:9)
  9 orc zombies
  6 fungi
  3 plants (Lair:1)
30 creatures vanquished.

Grand Total: 251 creatures vanquished

Notes
Turn   | Place    | Note
-------+----------+-------------------------------------------
     0 | D:1      | soggyman666 the Minotaur Fighter began the quest for the
                  | Orb.
     0 | D:1      | Reached XP level 1. HP: 19/19 MP: 0/0
   228 | D:1      | Reached XP level 2. HP: 27/27 MP: 1/1
   907 | D:2      | Reached skill level 3 in Axes
   907 | D:2      | Reached XP level 3. HP: 18/33 MP: 2/2
  1272 | D:2      | Found a faded altar of an unknown god.
  1784 | D:3      | Reached XP level 4. HP: 40/40 MP: 3/3
  1852 | D:3      | Noticed Ijyb
  1859 | D:3      | Killed Ijyb
  1860 | D:3      | Reached skill level 4 in Axes
  2039 | D:3      | Reached XP level 5. HP: 43/46 MP: 4/4
  2474 | D:4      | Noticed a phantom
  2490 | D:4      | Killed a phantom
  2491 | D:4      | Reached skill level 5 in Axes
  2491 | D:4      | Reached skill level 1 in Evocations
  2715 | D:4      | Reached XP level 6. HP: 48/53 MP: 5/5
  3259 | D:4      | Found a shimmering altar of Xom.
  3497 | D:4      | Found a runed translucent door.
  3498 | D:4      | Noticed Crazy Yiuf
  3504 | D:4      | Killed Crazy Yiuf
  3576 | D:5      | Entered Level 5 of the Dungeon
  3594 | D:5      | Noticed Eustachio
  3612 | D:5      | Killed Eustachio
  3613 | D:5      | Reached skill level 6 in Axes
  3613 | D:5      | Reached skill level 5 in Armour
  3613 | D:5      | Reached skill level 1 in Dodging
  3613 | D:5      | Reached skill level 5 in Shields
  3613 | D:5      | Reached XP level 7. HP: 54/60 MP: 6/6
  4306 | D:5      | Reached skill level 5 in Fighting
  4526 | D:5      | Reached skill level 1 in Maces & Flails
  4526 | D:5      | Reached skill level 1 in Stealth
  4964 | D:6      | Reached skill level 7 in Axes
  4969 | D:6      | Reached XP level 8. HP: 49/68 MP: 7/7
  4969 | D:6      | Noticed Duvessa
  4971 | D:6      | Noticed Dowan
  4987 | D:6      | Killed Duvessa
  5005 | D:6      | Killed Dowan
  6443 | D:6      | Found a basalt altar of Yredelemnul.
  6454 | D:6      | Found a stormy altar of Qazlal.
  6464 | D:6      | Became a worshipper of Yredelemnul the Dark
  6627 | D:7      | Found a staircase to the Ecumenical Temple.
  6653 | D:7      | Reached skill level 8 in Axes
  6829 | D:7      | Reached * piety under Yredelemnul
  6942 | D:7      | Reached XP level 9. HP: 38/75 MP: 8/8
  7155 | D:7      | Noticed Menkaure
  7164 | D:7      | Killed Menkaure
  7829 | D:8      | Reached skill level 9 in Axes
  7980 | D:8      | Found a sparkling altar of Nemelex Xobeh.
  8061 | D:8      | Noticed a tengu conjurer
  8061 | D:8      | Noticed a queen bee
  8252 | D:9      | Reached skill level 5 in Evocations
  8642 | D:9      | Reached skill level 1 in Invocations
  8839 | D:9      | Reached ** piety under Yredelemnul
  9047 | D:9      | Reached *** piety under Yredelemnul
  9051 | D:9      | Found a radiant altar of Vehumet.
  9259 | D:9      | Reached XP level 10. HP: 66/84 MP: 9/9
  9508 | D:9      | Found an iron altar of Okawaru.
  9673 | D:10     | Entered Level 10 of the Dungeon
  9683 | D:10     | Reached skill level 10 in Axes
  9903 | D:10     | Noticed Nergalle
  9914 | D:10     | Killed Nergalle
 10073 | D:10     | Noticed Joseph
 10089 | D:10     | Killed Joseph
 10105 | D:10     | Reached skill level 11 in Axes
 10179 | D:10     | Your ally Joseph died
 10829 | D:11     | Noticed a two-headed ogre
 10837 | D:11     | Killed a two-headed ogre
 10838 | D:11     | Reached XP level 11. HP: 94/94 MP: 11/11
 11083 | D:11     | Found a staircase to the Lair.
 11231 | D:11     | Noticed a two-headed ogre
 11236 | D:11     | Noticed a two-headed ogre
 11241 | D:11     | Killed a two-headed ogre
 11244 | D:11     | Killed a two-headed ogre
 11519 | D:11     | Noticed a two-headed ogre
 11528 | D:11     | Killed a two-headed ogre
 11529 | D:11     | Reached skill level 12 in Axes
 11649 | D:11     | Identified the +2 cloak of Focus {Int+5}
 11699 | Lair:1   | Entered Level 1 of the Lair of Beasts
 12013 | Lair:1   | Noticed a five-headed hydra
 12023 | Lair:1   | Killed a five-headed hydra
 12024 | Lair:1   | Reached skill level 5 in Dodging
 12179 | Lair:1   | Noticed Erica
 12191 | Lair:1   | Killed Erica
 12801 | D:11     | Reached skill level 5 in Maces & Flails
 12862 | D:12     | Noticed an orc knight
 12879 | D:12     | Killed an orc knight
 12919 | D:12     | Mangled by a large slime creature

Illustrated notes

Levels and vault maps discovered:
D:1:      mrwooster_arrival_statue_2, layout_basic, minmay_lizard_pond
D:2:      layout_rooms, ebering_ecumenical_altar_abandoned
D:3:      layout_basic, uniq_ijyb
D:4:      layout_basic, mainiacjoe_overflow_cross_hatched,
          uniq_crazy_yiuf_cottage
D:5:      layout_layer_cave, uniq_eustachio
D:6:      layout_loops_cross, amethyst_overflow_temple_binary,
          portal_sewer_entry_b, uniq_duvessa
D:7:      layout_cave_pools, minmay_temple_entry_arrows, uniq_menkaure
D:8:      layout_cave_pools, nemelex_spade_bored_becter, lightli_corner_chamber
D:9:      layout_gridville, okawaru_altar_gauntlet_db,
          nicolae_vehumet_altar_sigil, hangedman_weighted_door, minivault_5,
          bh_circular_ruins
D:10:     layout_basic, uniq_nergalle, uniq_joseph
D:11:     layout_roguey, lair_entry_dummy, eino_tiny_chamber
D:12:     layout_basic, kennysheep_orc_monster_closet_entryway,
          nicolae_splish_splash
Lair:1:   layout_hall_layers, st_stairs_5, grunt_megastairs_5, uniq_erica

Skill      XL: |  1  2  3  4  5  6  7  8  9 10 11 |
---------------+----------------------------------+-----
Armour         | 4 5 6 8 9 |  9.4
Fighting       | 4 5 6 8 9 |  9.1
Axes           | 3 4 5 6 7 8 9 11 12 | 12.4
Shields        | 4 5 6 7 8 |  8.0
Evocations     | 1 2 3 4 5 6 7 |  7.9
Dodging        | 1 2 3 4 5 |  5.5
Maces & Flails | 1 2 5 |  5.5
Stealth        | 1 2 3 |  3.4
Invocations    | 1 |  1.7

Action                   |  1- 3 |  4- 6 |  7- 9 | 10-12 || total
-------------------------+-------+-------+-------+-------++-------
Melee: War axe           |    72 |       |       |    18 ||    90
       Headbutt          |     9 |    18 |    62 |    53 ||   142
       Hand axe          |    10 |   103 |   218 |   130 ||   461
       Mace              |       |     1 |    33 |       ||    34
       Flail             |       |       |       |    34 ||    34
Invok: Recall Undead Har |       |       |     5 |     4 ||     9
       Dark Bargain      |       |       |       |     1 ||     1
Evoke: Wand              |       |       |       |    10 ||    10
       Box of beasts     |       |       |       |     2 ||     2
  Use: Scroll            |     2 |     4 |     7 |     3 ||    16
       Potion            |       |       |     2 |       ||     2
 Stab: Distracted        |       |       |     1 |     2 ||     3
       Sleeping          |       |       |       |     1 ||     1
Armor: Scale mail        |    36 |    20 |       |       ||    56
       Ring mail         |       |    25 |    83 |    50 ||   158
Dodge: Dodged            |    44 |    56 |   157 |    92 ||   349
Block: Buckler           |    17 |    23 |    62 |    43 ||   145
